 Dungeon Crawl Stone Soup version 0.23.1-42-g8abd8fc (webtiles) character file.

Game seed: 9892865748029230764

33569 Borgoz the Protected (level 13, -10/78 HPs)
             Began as a Gargoyle Gladiator on Mar 30, 2019.
             Was a Priest of Ashenzari.
             Killed from afar by an ice dragon (23 damage)
             ... with a blast of cold
             ... on level 15 of the Dungeon.
             The game lasted 00:39:31 (16203 turns).

Borgoz the Protected (Gargoyle Gladiator)          Turns: 16203, Time: 00:39:31

Health: -10/78     AC: 24    Str: 24    XL:     13   Next: 71%
Magic:  20/20      EV: 18    Int: 10    God:    Ashenzari [***...]
Gold:   1009       SH:  0    Dex: 15    Spells: 15/21 levels left

rFire    + . .     SeeInvis +   L - +4 dagger (pierce)
rCold    + . .     Gourm    .   (no shield)
rNeg     + . .     Faith    .   H - +1 troll leather armour
rPois    ∞         Spirit   .   x - +0 helmet
rElec    +         Reflect  .   z - +2 cloak
rCorr    +         Harm     .   m - +0 pair of gloves
MR       .....                  i - +0 pair of boots
Stlth    ++++......             (no amulet)
HPRegen  0.63/turn              R - ring of resist corrosion
MPRegen  0.17/turn              I - +6 ring of strength

@: confusing touch, resistant
A: negative energy resistance 1, electricity resistance, unbreathing,
petrification resistance, rot immunity, AC +9
a: Curse Item, Scrying, Renounce Religion


You were on level 15 of the Dungeon.
You worshipped Ashenzari.
Ashenzari was most pleased with you.
You were not hungry.

You visited 2 branches of the dungeon, and saw 16 of its levels.
You also visited: Sewer and Ice Cave.

You collected 1229 gold pieces.
You spent 220 gold pieces at shops.

Inventory:

Hand Weapons
 a - a +1 dagger of venom
 b - a +0 dagger of holy wrath
 h - a +0 rapier
 j - the +8 frozen axe "Frostbite" {freezing cloud, *Noise +Fly rC+}
   (You found it in an ice cave)

   It has been specially enchanted to freeze those struck by it, causing extra
   injury to most foes and up to half again as much damage against particularly
   susceptible opponents.
   It can also slow down cold-blooded creatures.
   It protects you from cold.
   It lets you fly.
   It may make noises in combat.
 r - a +0 rapier
 w - a +0 rapier
 G - a cursed +1 dagger of freezing
 L - a +4 dagger of piercing (weapon)
 M - a +2 dagger of flaming
Missiles
 K - 8 tomahawks (quivered)
Armour
 c - +0 acid dragon scales
 i - a +0 pair of boots (worn)
 m - a +0 pair of gloves (worn)
 x - a +0 helmet (worn)
 z - a +2 cloak (worn)
 H - a +1 troll leather armour (worn)
Jewellery
 g - an uncursed ring of stealth
 y - an uncursed ring of see invisible
 C - an uncursed ring of ice
 E - an uncursed ring of fire
 I - a +6 ring of strength (right hand)
 O - an uncursed ring of flight
 Q - an uncursed ring of ice
 R - a ring of resist corrosion (left hand)
Wands
 q - a wand of acid (8)
 A - a wand of polymorph (21)
 B - a wand of iceblast (17)
 P - a wand of random effects (27)
Scrolls
 e - 10 scrolls of remove curse
 o - 12 scrolls of teleportation
 F - 3 scrolls of amnesia
 J - 4 scrolls of identify
 T - 4 scrolls of magic mapping
 X - 3 scrolls of enchant weapon
Potions
 k - 2 potions of mutation
 l - 6 potions of flight
 n - a potion of curing
 s - 2 potions of cancellation
 t - a potion of haste
 v - a potion of brilliance
 N - a potion of agility
Comestibles
 f - 42 rations


   Skills:
 + Level 8.1 Fighting
 * Level 9.7 Short Blades
 - Level 5.0 Throwing
 * Level 11.0 Armour
 * Level 9.0 Dodging
 + Level 8.5 Stealth
 + Level 4.7 Spellcasting
 + Level 4.8 Hexes
 + Level 4.8 Ice Magic
 + Level 4.6 Evocations


You had 15 spell levels left.
You knew the following spells:

 Your Spells              Type           Power        Failure   Level  Hunger
a - Confusing Touch       Hex            ##....       3%          1    #......
b - Ensorcelled Hibernat  Hex/Ice        ##....       5%          2    ##.....
c - Confuse               Hex            ##......     11%         3    ###....

Your spell library contained the following spells:

 Spells                   Type           Power        Failure   Level  Hunger
 Corona                   Hex            ##.....      3%          1    #......
 Tukima's Dance           Hex            ##......     11%         3    ###....
 Animate Skeleton         Necr           N/A          26%         1    #......
 Apportation              Tloc           #.....       26%         1    #......
 Beastly Appendage        Tmut           #.....       26%         1    #......
 Summon Butterflies       Summ           #.......     26%         1    #......
 Summon Small Mammal      Summ           #...         26%         1    #......
 Dazzling Spray           Conj/Hex       #.....       30%         3    ###....
 Sticks to Snakes         Tmut           #.......     36%         2    ##.....
 Call Canine Familiar     Summ           #.......     61%         3    ###....
 Spider Form              Tmut/Pois      #.........   61%         3    ###....
 Ice Form                 Ice/Tmut       #.......     67%         4    #####..
 Summon Ice Beast         Ice/Summ       #.......     67%         4    #####..
 Summon Mana Viper        Hex/Summ       #.......     95%         5    ######.
 Blade Hands              Tmut           #.........   100%        5    ######.
 Summon Hydra             Summ           #.........   100%        7    #######


Dungeon Overview and Level Annotations

Branches:
Dungeon (15/15)            Temple (1/1) D:7            Lair (0/6) D:9
    Orc (0/2) D:9          Vaults (0/5) D:13         Depths (0/5) D:15

Altars:
Ashenzari
Cheibriados
Dithmenos
Elyvilon
Fedhas
Gozag
Hepliaklqana
Kikubaaqudgha
Makhleb
Nemelex Xobeh
Okawaru
Qazlal
Ru
Sif Muna
Trog
Uskayaw
Vehumet
Wu Jian
Xom
Yredelemnul
Zin
The Shining One

Shops:
D:7 [   D:8 (   D:12 (   D:14 =

Annotations:
D:9 1 runed translucent door


Innate Abilities, Weirdness & Mutations

You are resistant to torment.
Your stone body is resilient. (AC +9)
You are immune to poison.
You resist negative energy. (rN+)
You are resistant to electric shocks. (rElec)
You can survive without breathing.
You are immune to petrification.
You are immune to rotting.


Message History

The ice dragon claws you.
* * * LOW HITPOINT WARNING * * *
The ice dragon completely misses you.
The fire dragon bites you but does no damage.
The fire dragon claws you.
* * * LOW HITPOINT WARNING * * *
The fire dragon closely misses you. The fire dragon bites you!
* * * LOW HITPOINT WARNING * * *
The fire dragon closely misses you.
The fire dragon tramples you but does no damage.
You feel better. The ice dragon closely misses you. The ice dragon claws you.
* * * LOW HITPOINT WARNING * * *
The ice dragon tramples you but does no damage.
The fire dragon breathes flames at you.
The blast of flame hits you but does no damage.
You resist. The ice dragon breathes frost at you. The blast of cold hits you!!
You resist.
You die...

#.....##.# #.....#
#####.##.###.# #.....#
#..##.#### #.# #..[..#
#.##...## #.# #.....#
#.#..#(.# #.# #.....#
#.#$.#.$# #.# #.....#
#.#$D#DD# #.# #.....#
#.#$.#.$####.# #......
#.#$.#@$#....####......
#.##)..##..............
#..##>##...............
#..?###...........##...
#..?..........###.##...
#.............# #.##...
#.............# #.##...
#.............# #.##...
#.............# #.##...


You could see a fire dragon and an ice dragon.

Vanquished Creatures
  Agnes (D:15)
  2 vault guards (D:13)
  3 tengu warriors
  A two-headed ogre (D:10)
  5 slime creatures
  An unseen horror (D:12)
  A wolf spider zombie (D:15)
  A deep elf mage (D:15)
  4 ugly things
  A manticore (D:11)
  3 cyclopes
  2 centaur zombies
  2 ice statues (IceCv)
  Psyche (D:8)
  3 gargoyles
  2 komodo dragons
  4 centaur skeletons
  A yaktaur (D:15)
  2 ice devils (D:13)
  A yaktaur (shapeshifter) (D:14)
  A merfolk (D:9)
  A hornet (D:8)
  4 trolls
  Prince Ribbit (D:8)
  3 hippogriffs
  6 wyverns
  16 yaks
  A wraith (D:14)
  4 hungry ghosts
  2 shadows
  9 humans (D:13)
  A basilisk (shapeshifter) (D:15)
  A basilisk (D:14)
  2 vampire mosquitoes (D:14)
  Edmund (D:5)
  2 acid dragons
  3 soldier ants
  A water moccasin (D:11)
  6 sky beasts
  4 orc warriors
  8 ice beasts
  2 black bears
  A necrophage (D:7)
  3 phantoms
  2 boggarts (D:15)
  8 ogres
  12 centaurs
  5 crocodiles
  5 big kobolds
  6 bullfrogs
  2 wyvern zombies
  4 scorpions
  14 killer bees
  6 wights (D:8)
  9 howler monkeys
  2 electric eels (D:10)
  7 crimson imps
  4 jellies
  2 quasits
  7 hounds
  4 orc priests
  3 bullfrog skeletons
  7 iguanas
  7 orc wizards
  15 worker ants
  A howler monkey zombie (D:5)
  2 worker ant zombies
  18 adders
  2 river rats (Sewer)
  6 shadow imps
  An adder skeleton (D:4)
  4 worms
  7 dart slugs
  9 leopard geckos
  17 orcs
  2 ball pythons
  9 bats
  14 giant cockroaches
  8 hobgoblins
  13 jackals
  31 kobolds
  5 quokkas
  6 frilled lizards
  7 goblins
  2 jackal zombies
  A leopard gecko skeleton (D:2)
  A leopard gecko zombie (D:6)
  18 rats
439 creatures vanquished.

Vanquished Creatures (others)
  A human (D:13)
  A boggart (D:15)
2 creatures vanquished.

Grand Total: 441 creatures vanquished

Notes
Turn   | Place    | Note
-------+----------+-------------------------------------------
     0 | D:1      | Borgoz the Gargoyle Gladiator began the quest for the Orb.
     0 | D:1      | Reached XP level 1. HP: 12/12 MP: 1/1
   304 | D:1      | Reached XP level 2. HP: 13/17 MP: 2/2
   523 | D:1      | Reached skill level 1 in Armour
   777 | D:1      | Reached XP level 3. HP: 17/22 MP: 3/3
   902 | D:1      | Reached skill level 1 in Stealth
  1360 | D:2      | Reached XP level 4. HP: 19/27 MP: 4/4
  1963 | D:2      | Reached skill level 2 in Armour
  2027 | D:2      | Reached XP level 5. HP: 30/32 MP: 5/5
  3156 | D:4      | Reached XP level 6. HP: 37/37 MP: 6/6
  3287 | D:4      | Found a glowing drain.
  3352 | Sewer    | Entered a sewer
  3481 | Sewer    | Reached skill level 3 in Armour
  3514 | Sewer    | Found a white marble altar of Elyvilon.
  3577 | D:4      | Found a shattered altar of Ashenzari.
  3604 | D:4      | Became a worshipper of Ashenzari the Shackled
  3690 | D:5      | Entered Level 5 of the Dungeon
  3818 | D:5      | Found a snail-covered altar of Cheibriados.
  3921 | D:5      | Noticed Edmund
  3942 | D:5      | Reached XP level 7. HP: 24/41 MP: 7/7
  3962 | D:5      | Killed Edmund
  4090 | D:5      | Found a sparkling altar of Nemelex Xobeh.
  4244 | D:5      | Reached skill level 4 in Armour
  4650 | D:6      | Reached XP level 8. HP: 47/48 MP: 8/8
  4711 | D:6      | Reached * piety under Ashenzari
  4925 | D:6      | Found a bloodstained altar of Trog.
  4954 | D:6      | Reached skill level 5 in Armour
  5232 | D:6      | Reached skill level 5 in Short Blades
  5766 | D:7      | Reached skill level 5 in Dodging
  5766 | D:7      | Reached XP level 9. HP: 29/52 MP: 9/9
  5870 | D:7      | Reached skill level 6 in Armour
  6172 | D:7      | Found Tarhelao's Armour Shoppe.
  6236 | D:7      | Reached skill level 5 in Fighting
  6298 | D:7      | Found a bloodstained altar of Trog.
  6450 | D:7      | Found a staircase to the Ecumenical Temple.
  6473 | Temple   | Entered the Ecumenical Temple
  6851 | D:8      | Noticed Prince Ribbit
  6874 | D:8      | Killed Prince Ribbit
  6874 | D:8      | Reached skill level 5 in Stealth
  6898 | D:8      | Found an iron altar of Okawaru.
  7043 | D:8      | Reached skill level 7 in Armour
  7063 | D:8      | Reached XP level 10. HP: 48/59 MP: 10/10
  7095 | D:8      | Learned a level 1 spell: Confusing Touch
  7099 | D:8      | Learned a level 3 spell: Confuse
  7103 | D:8      | Learned a level 2 spell: Ensorcelled Hibernation
  7242 | D:8      | Found a deep blue altar of Sif Muna.
  7821 | D:8      | Noticed Psyche
  7838 | D:8      | Killed Psyche
  7838 | D:8      | Reached skill level 1 in Evocations
  7842 | D:8      | Reached ** piety under Ashenzari
  7906 | D:8      | Reached skill level 1 in Hexes
  7979 | D:8      | Found Amumyg's Antique Weapon Shoppe.
  7983 | D:8      | Bought a glowing dagger for 110 gold pieces
  7983 | D:8      | Bought a runed dagger for 110 gold pieces
  8080 | D:9      | Reached skill level 1 in Ice Magic
  8234 | D:9      | Found a runed translucent door.
  8240 | D:9      | Found a white marble altar of Elyvilon.
  8241 | D:9      | Noticed an angel
  8250 | D:9      | Reached skill level 1 in Spellcasting
  8507 | D:9      | Found a staircase to the Orcish Mines.
  8979 | D:9      | Found a staircase to the Lair.
  9350 | D:9      | Found a hide-covered altar of Uskayaw.
  9527 | D:10     | Entered Level 10 of the Dungeon
  9649 | D:10     | Reached skill level 8 in Armour
  9715 | D:10     | Noticed a two-headed ogre
  9730 | D:10     | Killed a two-headed ogre
  9730 | D:10     | Reached XP level 11. HP: 44/64 MP: 13/13
  9755 | D:10     | Found a stormy altar of Qazlal.
  9764 | D:10     | Reached skill level 5 in Throwing
 11004 | D:11     | Noticed a cyclops
 11025 | D:11     | Killed a cyclops
 11049 | D:11     | Noticed a manticore
 11100 | D:11     | Killed a manticore
 11565 | D:11     | Reached skill level 9 in Armour
 11834 | D:12     | Found Umemin's Antique Weapon Shop.
 11873 | D:12     | Noticed an unseen horror
 11880 | D:12     | Killed an unseen horror
 12298 | D:12     | Reached XP level 12. HP: 71/71 MP: 16/16
 13389 | D:13     | Found a frozen archway.
 13439 | IceCv    | Entered an ice cave
 13439 | IceCv    | Reached *** piety under Ashenzari
 13442 | IceCv    | Found a transporter.
 13487 | IceCv    | Found the +8 frozen axe "Frostbite" {freezing cloud, *Noise
                  | +Fly rC+}
 13487 | IceCv    | Found a transporter.
 13527 | IceCv    | Reached skill level 10 in Armour
 13823 | D:13     | Noticed a tengu warrior
 13825 | D:13     | Noticed a tengu warrior
 13835 | D:13     | Killed a tengu warrior
 13980 | D:13     | Noticed a vault guard
 13980 | D:13     | Noticed a vault guard
 14005 | D:13     | Killed a vault guard
 14021 | D:13     | Killed a vault guard
 14021 | D:13     | Reached XP level 13. HP: 72/77 MP: 17/19
 14076 | D:13     | Found a gate to the Vaults.
 14775 | D:14     | Paralysed by a floating eye for 4 turns
 14792 | D:14     | Paralysed by a floating eye for 2 turns
 15229 | D:14     | Found Citogul's Jewellery Shoppe.
 15380 | D:15     | Entered Level 15 of the Dungeon
 15454 | D:15     | Noticed Agnes
 15466 | D:15     | Killed Agnes
 15853 | D:15     | Reached skill level 11 in Armour
 15987 | D:15     | Found a glowing silver altar of Zin.
 16181 | D:15     | Noticed a fire dragon
 16182 | D:15     | Noticed an ice dragon
 16185 | D:15     | Found a staircase to the Depths.
 16199 | D:15     | HP: 1/78 [fire dragon (12)]
 16203 | D:15     | Killed from afar by an ice dragon

Skill      XL: |  1  2  3  4  5  6  7  8  9 10 11 12 13 |
---------------+----------------------------------------+-----
Armour         | 1 2 3 4 5 7 8 9 10 11 | 11.0
Short Blades   | 3 4 5 6 7 8 9 |  9.7
Stealth        | 1 2 3 4 5 6 7 8 |  8.5
Throwing       | 2 3 4 5 |  5.0
Dodging        | 3 4 5 6 7 8 9 |  9.0
Fighting       | 3 4 5 6 7 8 |  8.1
Evocations     | 2 3 4 |  4.6
Hexes          | 2 3 4 |  4.8
Ice Magic      | 2 3 4 |  4.8
Spellcasting   | 1 2 4 |  4.7

Action                   |  1- 3 |  4- 6 |  7- 9 | 10-12 | 13-15 || total
-------------------------+-------+-------+-------+-------+-------++-------
Melee: Rapier            |   110 |    83 |       |       |       ||   193
       Dagger            |       |   228 |   629 |  1600 |   487 ||  2944
Throw: Throwing net      |     1 |       |     3 |     5 |     4 ||    13
       Tomahawk          |       |       |       |       |     1 ||     1
 Cast: Confusing Touch   |       |       |       |       |     9 ||     9
       Ensorcelled Hiber |       |       |       |       |     6 ||     6
Evoke: Wand              |       |       |     5 |    15 |     9 ||    29
  Use: Scroll            |       |     9 |     1 |    10 |     9 ||    29
       Potion            |       |       |     1 |    16 |     2 ||    19
 Stab: Sleeping          |       |     2 |       |    11 |     5 ||    18
       Invisible         |       |       |       |    20 |       ||    20
       Held in net/web   |       |       |       |     2 |     3 ||     5
       Distracted        |       |       |       |     1 |       ||     1
       Paralysed         |       |       |       |     1 |     7 ||     8
       Confused          |       |       |       |       |     9 ||     9
  Eat: Chunk             |     1 |     9 |    11 |    26 |     5 ||    52
       Ration            |       |       |       |     1 |     1 ||     2
Armor: Ring mail         |    78 |    70 |       |       |       ||   148
       Leather armour    |     1 |       |       |       |       ||     1
       Plate armour      |       |   107 |   382 |   151 |       ||   640
       Acid dragon scale |       |       |       |    61 |       ||    61
       Troll leather arm |       |       |       |   356 |   140 ||   496
Dodge: Dodged            |    78 |   157 |   216 |   975 |   280 ||  1706
